 Dungeon Crawl Stone Soup version 0.26-a0-26-ge22fd8933b (webtiles) character file.

Game seed: 11565698595784741576, levelgen mode: deterministic

108 Mrkan the Covered (level 4, -2/29 HPs)
             Began as a Gargoyle Fighter on May 26, 2020.
             Killed by nerve-wracking pain
             ... invoked by an orc priest
              (4 damage)
             ... on level 3 of the Dungeon.
             The game lasted 00:03:40 (1897 turns).

Mrkan the Covered (Gargoyle Fighter)                Turns: 1897, Time: 00:03:41

Health: -2/29      AC: 14    Str: 20    XL:     4   Next: 87%
Magic:  4/4        EV:  5    Int:  9    God:
Gold:   95         SH:  9    Dex:  9    Spells: 3/3 levels left

rFire    . . .     SeeInvis .   a - +0 flail
rCold    . . .     Gourm    .   c - +0 kite shield
rNeg     + . .     Faith    .   g - +0 chain mail
rPois    ∞         Spirit   .   (no helmet)
rElec    +         Reflect  .   (no cloak)
rCorr    .         Harm     .   b - +0 pair of gloves
MR       .....                  (no boots)
Stlth    ..........             (no amulet)
HPRegen  0.09/turn              (no ring)
MPRegen  0.09/turn              (no ring)

@: mighty
A: negative energy resistance 1, electricity resistance, unbreathing,
petrification resistance, rot immunity, AC +3
a: no special abilities


You were on level 3 of the Dungeon.
You were not hungry.

You visited 1 branch of the dungeon, and saw 3 of its levels.

You collected 95 gold pieces.

Inventory:

Hand Weapons
 a - a +0 flail (weapon)
Armour
 b - a +0 pair of gloves (worn)
 c - a +0 kite shield (worn)
 g - a +0 chain mail (worn)
Jewellery
 o - an uncursed amulet of reflection
 q - an uncursed ring of positive energy {unknown}
Wands
 s - a wand of digging (5)
Scrolls
 e - 4 scrolls of teleportation {unknown}
 h - 4 scrolls of identify {unknown}
 i - 4 scrolls of remove curse {unknown}
 k - a scroll of fear {unknown}
 m - a scroll of amnesia {unknown}
 r - a scroll of blinking {unknown}
Potions
 d - a potion of might
 j - 3 potions of curing {unknown}
 l - a potion of cancellation {unknown}
 n - a potion of brilliance {unknown}
Comestibles
 f - 2 rations
 p - 5 chunks of flesh


   Skills:
 + Level 3.9 Fighting
 * Level 3.4 Maces & Flails
 + Level 4.0 Armour
 + Level 3.9 Shields


You had 3 spell levels left.
You didn't know any spells.
Your spell library was empty.

Dungeon Overview and Level Annotations

Branches:
Dungeon (3/15)

Altars:


Innate Abilities, Weirdness & Mutations

You are resistant to torment.
Your stone body is resilient. (AC +3)
You are immune to poison.
You resist negative energy. (rN+)
You are resistant to electric shocks. (rElec)
You can survive without breathing.
You are immune to petrification.
You are immune to rotting.


Message History

You closely miss the orc wizard.
The orc wizard is almost dead.
The orc wizard miscasts a cantrip.
You block the orc priest's attack. The orc wizard closely misses you.
You barely miss the orc wizard.
The orc wizard is almost dead.
The orc priest hits you but does no damage.
The orc wizard hits you but does no damage.
You sock the orc wizard!
You kill the orc wizard!
Your Armour skill increases to level 4!
You block the orc priest's attack. The orc priest barely misses you.
The orc hits you but does no damage.
You closely miss the orc. The orc priest closely misses you.
You block the orc's attack.
You closely miss the orc.
The orc shouts!
The orc priest mumbles some strange prayers to Beogh against you.
Pain shoots through your body!
You die...

o.......#.......##
.................#
.......o....####
.....#..oK..o..###
..##...###<###.#÷######
..###......# #.)o.....#
..#
#.....########...#####
..#
#........######K.....#
..#
#.....##...o@oooo....#
###
#.....################
#.....# #)....# #.....#
#.....# #.....# #######


You could see an orc priest, 4 orcs and a kobold.

Vanquished Creatures
  An orc wizard (D:3)
  2 adders (D:2)
  An ooze (D:1)
  A worm (D:2)
  3 dart slugs
  2 leopard geckos
  A ball python (D:2)
  6 bats
  3 giant cockroaches
  9 goblins
  8 hobgoblins
  3 frilled lizards (D:2)
  3 kobolds
  5 rats
48 creatures vanquished.

Notes
Turn   | Place    | Note
-------+----------+-------------------------------------------
     0 | D:1      | Mrkan the Gargoyle Fighter began the quest for the Orb.
     0 | D:1      | Reached XP level 1. HP: 14/14 MP: 1/1
   169 | D:1      | Reached XP level 2. HP: 16/19 MP: 2/2
   465 | D:1      | Reached XP level 3. HP: 21/23 MP: 3/3
  1289 | D:2      | Reached XP level 4. HP: 28/29 MP: 4/4
  1895 | D:3      | Reached skill level 4 in Armour
  1897 | D:3      | Killed from afar by an orc priest

Illustrated notes

Levels and vault maps discovered:
D:1:      dpeg_arrival_morbid_curiosity, layout_basic
D:2:      layout_loops_ring
D:3:      layout_rooms, marbit_many_paths

Skill      XL: |  1  2  3  4 |
---------------+-------------+-----
Maces & Flails | 3 |  3.4
Armour         | 4 |  4.0
Fighting       | |  3.9
Shields        | |  3.9

Action                   |  1- 3 |  4- 6 || total
-------------------------+-------+-------++-------
Melee: Flail             |   182 |    60 ||   242
  Use: Potion            |       |     1 ||     1
  Eat: Chunk             |     2 |     2 ||     4
Armor: Chain mail        |   130 |    62 ||   192
Dodge: Dodged            |    33 |    20 ||    53
Block: Kite shield       |   117 |    55 ||   172

Table legend:
 A = Non-vault XP
 B = Vault XP
 C = Vault XP percentage of total XP
 D = Non-vault monster count
 E = Vault monster count
 F = Vault count percentage of total count
                 A         B        C        D         E       F
            +---------+---------+-------+---------+---------+-------
      Total |     146 |       9 |   5.8 |      43 |       5 |  10.4
            +---------+---------+-------+---------+---------+-------
        D:1 |      42 |       9 |  17.6 |      18 |       5 |  21.7
        D:2 |      55 |       0 |   0.0 |      18 |       0 |   0.0
        D:3 |      49 |       0 |   0.0 |       7 |       0 |   0.0
            +---------+---------+-------+---------+---------+-------
